 Dungeon Crawl Stone Soup version 0.27-a0-95-g5a9077b8ae (webtiles) character file.

Game seed: 17191228769505389843

30 knot the Chopper (level 3, 32/43 HPs)
             Began as a Demonspawn Berserker on Jan 19, 2021.
             Was a Follower of Trog.
             Quit the game on level 2 of the Dungeon.
             The game lasted 00:01:27 (965 turns).

knot the Chopper (Demonspawn Berserker)              Turns: 965, Time: 00:01:27

Health: 32/43      AC:  3    Str: 17    XL:     3   Next: 3%
Magic:  3/3        EV: 12    Int:  9    God:    Trog [*.....]
Gold:   42         SH:  0    Dex: 12    Spells: 2/2 levels left

rFire    . . .     SeeInvis .   a - +0 hand axe
rCold    . . .     Faith    .   (no shield)
rNeg     . . .     Spirit   .   b - +0 animal skin
rPois    .         Reflect  .   (no helmet)
rElec    .         Harm     .   (no cloak)
rCorr    .         Rampage  .   (no gloves)
Will     .....                  f - +0 pair of boots
Stlth    ..........             (no amulet)
HPRegen  0.14/turn              (no ring)
MPRegen  0.08/turn              (no ring)

@: berserking, mildly poisoned (32 -> 29), very quick
A: claws 1, miasma immunity
a: Renounce Religion, Berserk


You were on level 2 of the Dungeon.
You worshipped Trog.
Trog was aware of your devotion.
You visited 1 branch of the dungeon, and saw 2 of its levels.

You collected 42 gold pieces.

Inventory:

Hand Weapons
 a - a +0 hand axe (weapon)
Missiles
 d - 53 sling bullets
 h - 34 stones
Armour
 b - a +0 animal skin (worn)
 f - a +0 pair of boots (worn)
Scrolls
 c - 2 scrolls of identify {unknown}
 e - 4 scrolls of remove curse {unknown}
 g - a scroll of teleportation {unknown}
Potions
 i - 2 potions of resistance {unknown}


   Skills:
 - Level 3.0 Fighting
 + Level 3.8 Axes
 - Level 1.7 Armour
 - Level 1.7 Dodging


You had 2 spell levels left.
You didn't know any spells.
Your spell library was empty.

Dungeon Overview and Level Annotations

Branches:
Dungeon (2/15)

Altars:


Innate Abilities, Weirdness & Mutations

You have sharp fingernails.
You are immune to miasma.


Message History

The adder is moderately wounded.
The adder bites you.
You are more poisoned.
The adder poisons you!
You closely miss the adder.
The adder is moderately wounded.
The adder closely misses you.
The rat twitches its whiskers.
You hit the adder.
The adder is almost dead.
You feel sick. The adder bites you.
You hit the adder.
You kill the adder!
Trog accepts your kill.
You have reached level 3!
Your experience leads to an increase in your attributes!
Increase (S)trength, (I)ntelligence, or (D)exterity?
You feel clever.
Your demonic ancestry asserts itself...
You feel immune to miasma.
Are you sure you want to abandon this character and quit the game? (Confirm with "yes".)

###.#.#
# #...#
#.###
#(# #.#
#.# #.#
#.# #@#
#.# #r.
###. ..
.. ###


You could see a rat.

Vanquished Creatures
  An adder (D:2)
  A leopard gecko (D:1)
  2 giant cockroaches
  3 goblins
  3 hobgoblins (D:1)
  3 kobolds
  2 bats (D:1)
  2 frilled lizards (D:1)
  2 rats (D:1)
19 creatures vanquished.

Notes
Turn   | Place    | Note
-------+----------+-------------------------------------------
     0 | D:1      | knot the Demonspawn Berserker began the quest for the Orb.
     0 | D:1      | Reached XP level 1. HP: 18/18 MP: 1/1
   248 | D:1      | Gained mutation: You have sharp fingernails. [demonic
                  | ancestry]
   248 | D:1      | Reached XP level 2. HP: 24/24 MP: 2/2
   965 | D:2      | Gained mutation: You are immune to miasma. [demonic
                  | ancestry]
   965 | D:2      | Reached XP level 3. HP: 29/29 MP: 3/3
   965 | D:2      | Quit the game

Illustrated notes

Levels and vault maps discovered:
D:1:      lightli_arrival_lavapool, layout_loops_ring
D:2:      layout_loops_ring, general_overflow_altar,
          nicolae_overflow_crystal_walls

Skill      XL: |  1 |
---------------+----+-----
Axes           | 3 |  3.8
Fighting       | |  3.0
Armour         | |  1.7
Dodging        | |  1.7

Action                   || total
-------------------------++-------
Melee: Hand axe          ||    49
Invok: Berserk           ||     2
 Stab: Sleeping          ||     1
Armor: Animal skin       ||     7
Dodge: Dodged            ||    32

Table legend: (Time is in decaauts)
 A = Elapsed time spent in this place.
 B = Non-inter-level travel time spent in this place.
 C = Inter-level travel time spent in this place.
 D = Time resting spent in this place.
 E = Time spent auto-exploring this place.
 F = Levels seen in this place.
 G = Mean time per level.
                   A        B        C        D        E       F      G
               +--------+--------+--------+--------+--------+-----+--------+
         Total |    978 |    949 |     29 |    177 |    633 |   2 |  489.0 |
       Dungeon |    978 |    949 |     29 |    177 |    633 |   2 |  489.0 |
               +--------+--------+--------+--------+--------+-----+--------+

Top non-repeatable levels by time:
     D:1: 745 daAuts
     D:2: 232 daAuts
